 Dungeon Crawl Stone Soup version 0.23.2-1-ga50397a6bc (webtiles) character file.

Game seed: 12861665677965072902

249 1994 the Grave Robber (level 5, 0/39 HPs)
             Began as a Mummy Necromancer on May 12, 2019.
             Slain by a scorpion (2 damage)
             ... on level 3 of the Dungeon.
             The game lasted 00:13:27 (4209 turns).

1994 the Grave Robber (Mummy Necromancer)           Turns: 4209, Time: 00:13:27

Health: 0/39       AC:  5    Str: 11    XL:     5   Next: 86%
Magic:  4/11       EV: 11    Int: 16    God:
Gold:   228        SH:  0    Dex: 12    Spells: 3/12 levels left

rFire    x . .     SeeInvis .   n - +3 hand axe (vamp)
rCold    + . .     Gourm    .   (no shield)
rNeg     + + +     Faith    .   t - +0 leather armour
rPois    ∞         Spirit   .   u - +0 helmet
rElec    .         Reflect  .   (no cloak)
rCorr    .         Harm     .   (no gloves)
MR       .....                  k - +0 pair of boots
Stlth    +.........             (no amulet)
HPRegen  0.13/turn              (no ring)
MPRegen  0.12/turn              (no ring)

@: no status effects
A: no food or potions, fire vulnerability, cold resistance 1, negative energy
resistance 3, torment resistance, unbreathing
a: no special abilities


You were on level 3 of the Dungeon.
You were not hungry.

You visited 1 branch of the dungeon, and saw 4 of its levels.

You collected 228 gold pieces.

Inventory:

Hand Weapons
 c - a +0 dagger of venom
 f - a +1 short sword of protection
 n - a +3 vampiric hand axe (weapon)
 o - a +0 hunting sling
 r - a +0 blowgun
Missiles
 g - 112 stones
 l - 83 sling bullets
 s - 4 poisoned javelins (quivered)
Armour
 a - a +0 robe
 b - a +0 shield
 k - a +0 pair of boots (worn)
 t - a +0 leather armour (worn)
 u - a +0 helmet (worn)
Scrolls
 d - a scroll of noise {unknown}
 e - a scroll of immolation {unknown}
 h - 7 scrolls of remove curse {unknown}
 i - 4 scrolls of amnesia {unknown}
 j - 5 scrolls of identify {unknown}
 m - 2 scrolls of teleportation {unknown}
 p - 2 scrolls of enchant weapon {unknown}
 q - a scroll of magic mapping {unknown}


   Skills:
 + Level 2.4 Fighting
 * Level 1.6 Axes
 + Level 1.6 Dodging
 - Level 1.5 Stealth
 + Level 4.2 Spellcasting
 * Level 5.5 Necromancy


You had 3 spell levels left.
You knew the following spells:

 Your Spells              Type           Power        Failure   Level  Hunger
a - Pain                  Necr           ###.         2%          1    N/A
b - Animate Skeleton      Necr           N/A          2%          1    N/A
c - Vampiric Draining     Necr           ###.......   7%          3    N/A
d - Animate Dead          Necr           N/A          22%         4    N/A

Your spell library contained the following spells:

 Spells                   Type           Power        Failure   Level  Hunger
 Regeneration             Chrm/Necr      Unusable     N/A         3    N/A

Dungeon Overview and Level Annotations

Branches:
Dungeon (4/15)
 Temple: D:4-7

Altars:


Innate Abilities, Weirdness & Mutations

You do not eat or drink.
Your flesh is vulnerable to fire.
You are immune to poison.
Your flesh is cold resistant. (rC+)
You are immune to negative energy. (rN+++)
You are immune to unholy pain and torment.
You can survive without breathing.


Message History

Aim: a hound (moderately wounded, chance to defeat MR: 85%)
The hound barely resists.
The hound bites you but does no damage. The scorpion stings you!
The hound bites you but does no damage.
Casting: Pain (safe; 2% risk of failure)
Confirm with . or Enter, or press ? or * to list all spells.
Aiming: Pain (safe; 2% risk of failure)
Press: ? - help, Shift-Dir - straight line, f/p - hound
Aim: a hound (moderately wounded, chance to defeat MR: 85%)
The hound writhes in agony.
The hound bites you.
* * * LOW HITPOINT WARNING * * *
The scorpion stings you!
* * * LOW HITPOINT WARNING * * *
Casting: Pain (safe; 2% risk of failure)
Confirm with . or Enter, or press ? or * to list all spells.
Aiming: Pain (safe; 2% risk of failure)
Press: ? - help, Shift-Dir - straight line, f/p - hound
Aim: a hound (heavily wounded, chance to defeat MR: 85%)
The hound writhes in agony.
The hound closely misses you. The scorpion stings you.
You die...

########## #........#
###.######.# ........##.#
###.###.##.# #.# #..#.# ###
#.# #..#.# ###########.#
#######..#.######h..........#
..###...........@...........#
###.##...........s#.######..#
#....##.....................#
#.#.###..#.######...#####...#
..###.#..#..........# #.#...#
..##..#..#.######...# #.#...#
..###...............# #.#...#
### #.##.#.#####....# #.#...#
## #.##.#.# #....# #.....#


You could see a scorpion and a hound.

Vanquished Creatures
  2 orc wizards
  A worker ant zombie (D:3)
  10 adders
  An adder skeleton (D:3)
  2 dart slugs
  2 leopard geckos
  9 orcs
  A ball python (D:2)
  6 bats
  2 giant cockroaches (D:1)
  10 hobgoblins
  5 frilled lizards
  A giant cockroach zombie (D:3)
  8 goblins
  A jackal zombie (D:3)
  9 kobolds
  A leopard gecko skeleton (D:3)
  A leopard gecko zombie (D:3)
  A quokka skeleton (D:3)
  12 rats
85 creatures vanquished.

Notes
Turn   | Place    | Note
-------+----------+-------------------------------------------
     0 | D:1      | 1994 the Mummy Necromancer began the quest for the Orb.
     0 | D:1      | Reached XP level 1. HP: 13/13 MP: 4/4
   383 | D:1      | Reached XP level 2. HP: 20/20 MP: 1/5
   751 | D:1      | Reached skill level 1 in Fighting
   949 | D:1      | Reached XP level 3. HP: 26/26 MP: 4/7
  1355 | D:1      | Learned a level 1 spell: Animate Skeleton
  1359 | D:1      | Learned a level 3 spell: Vampiric Draining
  1781 | D:2      | Reached XP level 4. HP: 33/33 MP: 5/9
  1879 | D:2      | Learned a level 4 spell: Animate Dead
  2142 | D:2      | Reached skill level 5 in Necromancy
  2266 | D:2      | Found a faded altar of an unknown god.
  3141 | D:3      | Reached XP level 5. HP: 28/38 MP: 1/10
  3240 | D:3      | Reached skill level 1 in Axes
  4200 | D:4      | Noticed an ogre
  4209 | D:3      | Slain by a scorpion

Skill      XL: |  1  2  3  4  5 |
---------------+----------------+-----
Spellcasting   | 3 4 |  4.2
Fighting       | 1 2 |  2.4
Necromancy     | 5 |  5.5
Axes           | 1 |  1.6
Dodging        | |  1.6
Stealth        | |  1.5

Action                   |  1- 3 |  4- 6 || total
-------------------------+-------+-------++-------
Melee: Unarmed           |     4 |       ||     4
       Dagger            |    14 |       ||    14
       Hand axe          |       |    40 ||    40
Throw: Javelin           |       |     1 ||     1
 Cast: Pain              |    73 |    81 ||   154
       Animate Skeleton  |       |     1 ||     1
       Vampiric Draining |       |     1 ||     1
Armor: Robe              |     6 |    12 ||    18
       Leather armour    |       |    10 ||    10
Dodge: Dodged            |    17 |    46 ||    63
